 Dungeon Crawl Stone Soup version 0.31.0-9-g3a7656b989 (webtiles) character file.

Game seed: 10258079350116268184

21 qw the Shooter (level 2, -1/14 HPs)
             Began as a Spriggan Hunter on Feb 2, 2024.
             Slain by a hobgoblin (3 damage)
             ... on level 1 of the Dungeon.
             The game lasted 00:00:01 (402 turns).

qw the Shooter (Spriggan Hunter)                     Turns: 402, Time: 00:00:01

Health: -1/14      AC:  2    Str:  7    XL:     2   Next: 62%
Magic:  3/3        EV: 19    Int: 10    God:
Gold:   47         SH:  0    Dex: 18    Spells: 1/1 levels left

rFire   . . .        a - +0 shortbow
rCold   . . .        (shield currently unavailable)
rNeg    . . .        c - +0 robe
rPois   .            (helmet restricted)
rElec   .            (no cloak)
rCorr   .            (gloves unavailable)
SInv    +            (boots unavailable)
Will    .....        (no amulet)
Stlth   ++           (no ring)
HPRegen 0.22/turn    (no ring)
MPRegen 0.08/turn

%: no passive effects
@: very quick
A: very small, no large weapons, unfitting armour, see invisible, speed 3
a: no special abilities


You were on level 1 of the Dungeon.
You visited 1 branch of the dungeon, and saw 1 of its levels.

You collected 47 gold pieces.


Innate Abilities, Weirdness & Mutations

You are very small and have problems with some larger weapons.
You are too small for most types of armour.
You have supernaturally acute eyesight. (SInv)
You cover ground extremely quickly. (Speed+++)


   Skills:
 - Level 1.5 Fighting
 + Level 4.2 Ranged Weapons
 - Level 4.0 Dodging
 - Level 1.5 Stealth


You had one spell level left.
You didn't know any spells.
Your spell library was empty.

Inventory:

Hand Weapons
 a - a +0 shortbow (weapon)
Armour
 c - a +0 robe (worn)
Jewellery
 e - an amulet of the acrobat
Scrolls
 b - a scroll of butterflies
 d - a scroll of vulnerability {unknown}
Potions
 f - a potion of attraction {unknown}

Dungeon Overview and Level Annotations

Branches:
Dungeon (1/15)

Altars:


Message History

A ball python comes into view.
You shoot an arrow. The arrow closely misses the hobgoblin.
The arrow barely misses the ball python.
The arrow hits the goblin.
The goblin is severely wounded.
The hobgoblin completely misses you.
You shoot an arrow. The arrow barely misses the hobgoblin.
The arrow barely misses the goblin.
The hobgoblin hits you.
You shoot an arrow.
The arrow completely misses the ball python.
The ball python bites you. The ball python barely misses you.
The ball python completely misses you. The ball python barely misses you.
The hobgoblin completely misses you.
You shoot an arrow.
The arrow closely misses the ball python.
The ball python barely misses you. The ball python closely misses you.
The hobgoblin misses you.
You shoot an arrow. The arrow hits the ball python.
The ball python is severely wounded.
The ball python completely misses you. The ball python misses you.
The hobgoblin hits you. The ball python completely misses you.
The ball python closely misses you.
You shoot an arrow.
The arrow closely misses the ball python.
The hobgoblin hits you. The ball python bites you. The ball python grabs you.
The ball python constricts you.
You shoot an arrow.
The arrow closely misses the ball python.
The ball python closely misses you. The ball python constricts you.
The hobgoblin hits you. The ball python barely misses you.
The ball python constricts you. The hobgoblin misses you.
You shoot an arrow. The arrow hits the ball python.
You kill the ball python!
The hobgoblin hits you.
You shoot an arrow. The arrow barely misses the goblin.
The hobgoblin barely misses you. The goblin misses you.
You shoot an arrow. The arrow closely misses the goblin.
The hobgoblin hits you.
You die...

#. #.. #..## ... # #... .#.
#.######### #.# #.gg.....%.
.. #####.# #@# #.. ..
##...#.# #.# #.# #.
#..#...#####.# #.# .
#.###........# ###.#.#
#..#......###########...#.#.#
#....#.##.##................#
#.#.##.##.##.########...#####
#.#.##.##.##.# ##.......
#.#.##.##.##.# #.######


You could see a hobgoblin and a goblin.

Vanquished Creatures
  2 bats (D:1)
  2 endoplasms (D:1)
  4 goblins (D:1)
  2 hobgoblins (D:1)
  5 ball pythons (D:1)
  A frilled lizard (D:1)
  3 rats (D:1)
19 creatures vanquished.

Notes
Turn   | Place    | Note
-------+----------+-------------------------------------------
     0 | D:1      | qw the Spriggan Hunter began the quest for the Orb.
     0 | D:1      | Reached XP level 1. HP: 10/10 MP: 2/2
     0 | D:1      | 0 ||| qw: Version: 0.3-a-155-g5e7d8dd
     0 | D:1      | 0 ||| qw: Game counter: 2434
     0 | D:1      | 0 ||| qw: Melee chars always use a shield: true
     0 | D:1      | 0 ||| qw: God list: Okawaru
     0 | D:1      | 0 ||| qw: Allow faded altars: false
     0 | D:1      | 0 ||| qw: Do Orc after clearing Dungeon:15 true
     0 | D:1      | 0 ||| qw: Do second Lair branch before Depths: true
     0 | D:1      | 0 ||| qw: Lair rune preference: random
     0 | D:1      | 0 ||| qw: Goals: Normal
     0 | D:1      | 0 ||| PLANNING D:1-11
    51 | D:1      | Reached skill level 3 in Dodging
    99 | D:1      | Reached XP level 2. HP: 14/14 MP: 3/3
   400 | D:1      | HP: 1/14 [hobgoblin (3)]
   402 | D:1      | Slain by a hobgoblin

Levels and vault maps discovered:
D:1:      roadster_arrival_rocket_large, layout_loops_ring,
          minmay_misc_feat_nine_boxes, nicolae_titane

Skill      XL: |  1  2 |
---------------+-------+-----
Dodging        | 3 4 |  4.0
Fighting       | |  1.5
Ranged Weapons | |  4.2
Stealth        | |  1.5

Action                     || total
---------------------------++-------
   Fire: Shortbow          ||    46
 Armour: Robe              ||    12
  Dodge: Dodged            ||    22

Table legend:
 A = Non-vault XP
 B = Vault XP
 C = Vault XP percentage of total XP
 D = Non-vault monster count
 E = Vault monster count
 F = Vault count percentage of total count
                 A         B        C        D         E       F
            +---------+---------+-------+---------+---------+-------
      Total |      30 |       0 |   0.0 |      19 |       0 |   0.0
            +---------+---------+-------+---------+---------+-------
        D:1 |      30 |       0 |   0.0 |      19 |       0 |   0.0
            +---------+---------+-------+---------+---------+-------
